 Dungeon Crawl Stone Soup version 0.27-a0-328-g7f782ed93a (webtiles) character file.

Game seed: 1232959900089980978

5 siradein the Sneak (level 1, -1/13 HPs)
             Began as a Vampire Venom Mage on Feb 12, 2021.
             Slain by a jackal (2 damage)
             ... on level 1 of the Dungeon.
             The game lasted 00:02:36 (108 turns).

siradein the Sneak (Vampire Venom Mage)              Turns: 108, Time: 00:02:36

Health: -1/13      AC:  2    Str:  7    XL:     1   Next: 66%
Magic:  0/3        EV:  9    Int: 17    God:
Gold:   0          SH:  0    Dex: 14    Spells: 3/4 levels left

rFire    . . .     SeeInvis +   (no weapon)
rCold    . . .     Faith    .   (no shield)
rNeg     . . .     Spirit   .   a - +0 robe
rPois    .         Reflect  .   (no helmet)
rElec    .         Harm     .   (no cloak)
rCorr    .         Rampage  .   (no gloves)
Will     .....                  (no boots)
Stlth    ++........             (no amulet)
HPRegen  0.24/turn              (no ring)
MPRegen  0.08/turn              (no ring)

@: regenerating quickly, constricted
A: fangs 3, see invisible, unbreathing
a: Exsanguinate


You were on level 1 of the Dungeon.
You visited 1 branch of the dungeon, and saw 1 of its levels.

Inventory:

Armour
 a - a +0 robe (worn)


   Skills:
 - Level 2.1 Dodging
 - Level 3.0 Stealth
 - Level 2.0 Spellcasting
 + Level 1.5 Transmutations
 + Level 2.9 Poison Magic


You had 3 spell levels left.
You knew the following spells:

 Your Spells              Type           Power        Failure   Level
a - Sting                 Tmut/Pois      36%          8%          1

Your spell library contained the following spells:

 Spells                   Type           Power        Failure   Level
 Poisonous Vapours        Pois/Air       12%          16%         2
 Ignite Poison            Fire/Tmut/Pois 6%           32%         3
 Mephitic Cloud           Conj/Pois/Air  4%           36%         3
 Olgreb's Toxic Radiance  Pois           11%          52%         4


Dungeon Overview and Level Annotations

Branches:
Dungeon (1/15)

Altars:


Innate Abilities, Weirdness & Mutations

Your natural rate of healing is unusually fast.
You have razor-sharp teeth.
You have supernaturally acute eyesight. (SInv)
You can survive without breathing.


Message History

You see here a bat corpse.
The kobold hits you with a +0 whip. The jackal barely misses you.
The kobold closely misses you. The jackal closely misses you.
The kobold barely misses you.
Aiming: Sting (safe; 9% risk of failure)
Press: ? - help, Q - select action Shift-Dir - straight line, f/p - jackal
Aim: a jackal (moderately wounded, 40% to evade)
The sting hits the jackal but does no damage.
The jackal is poisoned.
The jackal is moderately wounded.
The jackal barely misses you. The kobold barely misses you.
The ball python closely misses you. The ball python grabs you.
The ball python constricts you.
You escape the ball python's grasp.
You kill the jackal!
The jackal bites you but does no damage.
The jackal closely misses you. The jackal bites you.
The kobold barely misses you. The ball python closely misses you.
The ball python barely misses you. The jackal bites you.
You barely miss the kobold. The kobold hits you with a +0 whip.
The jackal closely misses you. The jackal barely misses you.
You closely miss the jackal. The jackal bites you. The kobold misses you.
The jackal misses you. The ball python bites you.
The ball python barely misses you.
Aiming: Sting (safe; 8% risk of failure)
Press: ? - help, Q - select action Shift-Dir - straight line, f - jackal
Aim: a jackal (40% to evade)
The sting hits the jackal.
The jackal is poisoned.
The jackal is heavily wounded.
The jackal misses you.
The jackal bites you but does no damage.
The kobold hits you with a +0 whip.
* * * LOW HITPOINT WARNING * * *
The ball python bites you.
* * * LOW HITPOINT WARNING * * *
The ball python grabs you. The ball python constricts you.
The jackal bites you.
You die...

#.##................
#.#................#
.............###.## . #
#............## l..
#.#...≈≈≈†≈≈≈...##..# .
#.#..≈≈.....≈≈...#..##
..#...≈≈..8....≈≈......#
.(...≈≈........h≈≈......
#..≈.........h@≈......
#..≈..♣.....8KS≈......
#..≈≈..8.<....≈≈......
#.....≈≈..♣).†.≈≈.......
###....≈≈.†.♣.≈≈......?.
.......≈≈≈≈≈≈≈r........
####............###.....
##......###..# #....
#......# ##.# ###


You could see 2 jackals, a ball python, a kobold and a rat.

Vanquished Creatures
  A goblin (D:1)
  2 jackals (D:1)
  A bat (D:1)
  A rat (D:1)
5 creatures vanquished.

Notes
Turn   | Place    | Note
-------+----------+-------------------------------------------
     0 | D:1      | siradein the Vampire Venom Mage began the quest for the
                  | Orb.
     0 | D:1      | Reached XP level 1. HP: 13/13 MP: 3/3
   108 | D:1      | Slain by a jackal

Illustrated notes

Levels and vault maps discovered:
D:1:      moated_graveyard_arrival, layout_rooms

Action                   || total
-------------------------++-------
Melee: Unarmed           ||     9
       Bite              ||     1
 Cast: Sting             ||    10
Armor: Robe              ||    19
Dodge: Dodged            ||    54

Table legend: (Time is in decaauts)
 A = Elapsed time spent in this place.
 B = Non-inter-level travel time spent in this place.
 C = Inter-level travel time spent in this place.
 D = Time resting spent in this place.
 E = Time spent auto-exploring this place.
 F = Levels seen in this place.
 G = Mean time per level.
                   A        B        C        D        E       F      G
               +--------+--------+--------+--------+--------+-----+--------+
         Total |    108 |    108 |      0 |      0 |     10 |   1 |  108.0 |
       Dungeon |    108 |    108 |      0 |      0 |     10 |   1 |  108.0 |
               +--------+--------+--------+--------+--------+-----+--------+

Top non-repeatable levels by time:
     D:1: 108 daAuts
